 Dungeon Crawl Stone Soup version 0.32-a0-975-g85d4e5bfdb (webtiles) character file.

Game seed: 7387365461189683850

67263 trashops the Severer (level 14, -20/133 HPs)
             Began as a Mountain Dwarf Fighter on Apr 18, 2024.
             Was the Champion of Okawaru.
             Demolished by a merfolk impaler
             ... wielding a +3 trident of distortion
              (22 damage)
             ... on level 1 of the Shoals.
             The game lasted 00:41:51 (20584 turns).

trashops the Severer (Mountain Dwarf Fighter)      Turns: 20584, Time: 00:41:52

Health: -20/133    AC: 24    Str: 28    XL:     14   Next: 82%
Magic:  19/19      EV: 11    Int:  7    God:    Okawaru [******]
Gold:   1302       SH: 20    Dex: 12    Spells: 13/13 levels left

rFire   + . .        O - +10 broad axe of Xishri Yseutt {distort, rF+}
rCold   . . .        P - +4 kite shield of the Cockatrice {^Contam ^Drain rN+++ Str+4}
rNeg    + + +        l - +0 plate armour
rPois   .            w - +0 helmet
rElec   .            J - +1 cloak
rCorr   .            k - +2 pair of gloves {Dex+3}
SInv    .            (no boots)
Will    .....        H - amulet of reflection Stlth
                     K - ring of flight
HPRegen 0.42/turn    a - +5 ring of evasion
MPRegen 0.16/turn

%: random rage (3%), reflection
@: about to teleport, weak-willed, flying, studying Armour
A: runic magic, artefact enchanting, berserk 1, dopey 1, low MP 1, no potion
heal 1
a: Renounce Religion, Heroism, Finesse, Duel


You were on level 1 of the Shoals.
You worshipped Okawaru.
Okawaru was exalted by your worship.
You visited 4 branches of the dungeon, and saw 18 of its levels.

You collected 2170 gold pieces.
You spent 868 gold pieces at shops.

Inventory:

Hand Weapons
 m - the +1 war axe "Iskyor" {protect, Int+5}
   (You found it on level 3 of the Dungeon)

   Int+5:     It affects your intelligence (+5).
 y - a +2 executioner's axe of venom
 C - a +2 dire flail of protection
 L - the +7 war axe "Bionoqat" {venom, rPois Int+4}
   (You found it on level 10 of the Dungeon)

   Int+4:     It affects your intelligence (+4).
   rPois:     It protects you from poison.
 O - the +10 broad axe of Xishri Yseutt (weapon) {distort, rF+}
   (Okawaru gifted it to you on level 1 of the Lair of Beasts)

   rF+:       It protects you from fire.
Missiles
 M - 3 silver javelins (quivered)
Armour
 k - a +2 pair of gloves of dexterity (worn)
 l - a +0 plate armour (worn)
 w - a +0 helmet (worn)
 J - a +1 cloak (worn)
 P - the +4 kite shield of the Cockatrice (worn) {^Contam ^Drain rN+++ Str+4}
   (Okawaru gifted it to you on level 1 of the Lair of Beasts)

   Str+4:     It affects your strength (+4).
   rN+++:     It renders you almost immune to negative energy.
   ^Contam:   It causes magical contamination when unequipped.
   ^Drain:    It drains your maximum health when unequipped.
 W - the +0 cloak of the Amoeba {rElec rN+ Slay-6}
   (You found it on level 1 of the Shoals)

   Slay-6:    It affects your accuracy & damage with ranged weapons and melee
   (-6).
   rElec:     It insulates you from electricity.
   rN+:       It protects you from negative energy.
Jewellery
 a - a +5 ring of evasion (right hand)
 b - an amulet of guardian spirit
 c - a ring of wizardry
 j - a ring of magical power
 o - a ring of protection from cold
 q - an amulet of faith
 H - an amulet of reflection (around neck)
 K - a ring of flight (left hand)
 Q - a ring of protection from fire
 V - a ring of poison resistance
Wands
 g - a wand of paralysis (2)
 p - a wand of mindburst (31)
 s - a wand of flame (21)
 B - a wand of polymorph (16)
 R - a wand of iceblast (23)
Scrolls
 i - 5 scrolls of revelation
 u - 2 scrolls of identify
 z - a scroll of vulnerability
 A - 5 scrolls of fear
 D - 5 scrolls of brand weapon
 E - 2 scrolls of immolation
 G - 4 scrolls of teleportation
 I - 4 scrolls of fog
 U - a scroll of amnesia
Potions
 d - 6 potions of might
 e - 2 potions of lignification
 f - 2 potions of ambrosia
 h - 4 potions of curing
 n - 4 potions of attraction
 r - a potion of cancellation
 t - 3 potions of enlightenment
 x - 2 potions of haste
 F - a potion of invisibility
 N - a potion of magic
 S - a potion of brilliance
 T - 2 potions of resistance


   Skills:
 * Level 14.5 Fighting
 - Level 17.8(18.1) Axes
 + Level 4.9(12.6) Maces & Flails
 * Level 14.2 Armour
 + Level 11.2 Shields
 * Level 10.0 Invocations


You had 13 spell levels left.
You didn't know any spells.
Your spell library contained the following spells:

 Spells                   Type           Power      Damage    Failure   Level
 Apportation              Tloc           0%         N/A       75%         1
 Magic Dart               Conj           0%         1d3       75%         1
 Necrotise                Necr           0%         1d4       75%         1
 Sandblast                Erth           0%         2d4       75%         1
 Ensorcelled Hibernation  Hex/Ice        0%         N/A       86%         2
 Jinxbite                 Hex            0%         N/A       86%         2
 Searing Ray              Conj           0%         2d4       86%         2
 Sublimation of Blood     Necr           0%         N/A       86%         2
 Hailstorm                Conj/Ice       0%         3d5       98%         3
 Passwall                 Erth           0%         N/A       98%         3
 Stone Arrow              Conj/Erth      0%         3d7       98%         3
 Swiftness                Air            0%         N/A       98%         3
 Vampiric Draining        Necr           0%         2d6       98%         3
 Volatile Blastmotes      Fire/Tloc      0%         2d10      98%         3
 Dimensional Bullseye     Hex/Tloc       0%         N/A       100%        4
 Fulminant Prism          Conj/Alch      0%         3d5       100%        4
 Iskenderun's Mystic Bla Conj/Tloc 0%             2d3        (+2d1     100%        4
 Vhi's Electric Charge    Tloc/Air       0%         N/A       100%        4
 Alistair's Intoxication  Alch           0%         N/A       100%        5
 Curse of Agony           Necr           0%         N/A       100%        5
 Dispersal                Tloc           0%         N/A       100%        6
 Eringya's Noxious Bog    Alch           0%         4d6       100%        6
 Gell's Gavotte           Tloc           0%         2d(11-16) 100%        6
 Permafrost Eruption      Ice/Erth       0%         2x4d1     100%        6
 Manifold Assault         Tloc           0%         N/A       100%        7
 Ozocubu's Refrigeration  Ice            0%         4d7       100%        7
 Disjunction              Tloc           0%         N/A       100%        8
 Polar Vortex             Ice            0%         N/A       100%        9
 Call Imp                 Summ           Unusable   N/A       N/A         2
 Summon Ice Beast         Ice/Summ       Unusable   N/A       N/A         3
 Tukima's Dance           Hex            Unusable   N/A       N/A         3
 Martyr's Knell           Necr/Summ      Unusable   N/A       N/A         4
 Summon Forest            Summ/Tloc      Unusable   N/A       N/A         5
 Sculpt Simulacrum        Ice/Alch       Unusable   N/A       N/A         6
 Summon Hydra             Summ           Unusable   N/A       N/A         7

Dungeon Overview and Level Annotations

Branches:
Dungeon (11/15)            Temple (1/1) D:7            Lair (5/5) D:10
 Shoals (1/4) Lair:2        Snake (0/4) Lair:2        Slime (0/5) Lair:4
    Orc (0/2) D:11

Altars:
Ashenzari
Cheibriados
Dithmenos
Elyvilon
Fedhas
Gozag
Hepliaklqana
Kikubaaqudgha
Makhleb
Nemelex Xobeh
Okawaru
Qazlal
Ru
Sif Muna
Trog
Uskayaw
Vehumet
Wu Jian
Xom
Yredelemnul
Zin
The Shining One
Beogh

Shops:
D:3 *   D:5 (   D:7 *

Portals:
Abyss: Shoals:1

Annotations:
D:8 3 runed translucent doors, tweeg707's ghost, journeyman DjFE
Shoals:1 1 transporter, Rucifrug's ghost, journeyman FeSh


Innate Abilities, Weirdness & Mutations

Your spellcasting is much less encumbered by armour.
You can use scrolls of enchantment on lesser artefacts.
You sometimes lose your temper in combat.
You are dopey. (Int -2)
Your magical capacity is low. (-10% MP)
Potions are less effective at restoring your health.


Message History

Your system partially rejects the healing.
You feel much better. You block the occultist's attack.
Your system partially rejects the healing.
You feel much better.
The cacodemon enters a dispersal trap!
The raiju blinks!
The cacodemon blinks!
The red ugly thing blinks!
The occultist blinks!
The white very ugly thing blinks!
The merfolk impaler blinks!
The raiju blinks! x2
The hellion blinks!
You blink.
You enter a dispersal trap!
The red ugly thing blinks!
The cacodemon blinks!
The raiju blinks!
You blink.
The cacodemon blinks!
You block the red ugly thing's attack.
There is a one-way gate to the infinite horrors of the Abyss here.
You enter a dispersal trap!
The red ugly thing blinks!
The cacodemon blinks!
The raiju blinks!
The occultist blinks!
You blink.
The occultist enters a dispersal trap!
The white very ugly thing blinks!
The cacodemon blinks!
The tentacled monstrosity blinks!
The red ugly thing blinks! x2; The cacodemon blinks!
The hellion blinks!
You blink.
Found 3 scrolls of teleportation.
The occultist blinks!
The cacodemon gestures at you.
Strange energies course through your body.
You feel less energetic. The cacodemon gestures at you.
The bolt of devastation hits you!
* * * LOW HITPOINT WARNING * * *
The merfolk impaler hits you with a +3 trident of distortion!
* * * LOW HITPOINT WARNING * * *
Space warps around you.
* * * LOW HITPOINT WARNING * * *
The tentacled monstrosity enters a dispersal trap!
The merfolk impaler blinks!
The hellion blinks!
The cacodemon blinks!
The merfolk impaler blinks!
The red ugly thing blinks!
The white very ugly thing blinks!
The cacodemon blinks!
The occultist blinks!
You blink.
The tentacled monstrosity blinks!
Unknown command.
As you read the scroll of teleportation, it crumbles to dust.
You feel strangely unstable.
The cacodemon hits you but does no damage.
You block the cacodemon's attack.
The merfolk impaler hits you but does no damage.
Space warps horribly around you!!
You die...

..............~~~~~~~...##...~~P~
..........####..~~###...##....~~~
.......####^.##..##.##..##....~~~
.......#©..h..#.##u u#......~~~~~
.......##.##..###.# ##...........
........#####...§.# #............
............##§...###....)~..~~~~
.............#§.#X#...)..~~.....~
........###..##u@.#..............
.......##[##.©#.2m##.............
......##...#.##.p2.##............
......##.#####.§..^.#............
~~...~.##....W##..2.##.........~.
≈~~....©#©.#?##..§...#........~.~
≈~......#.#.##^∩§###.#.......>~~~
≈~~.....##.####?##.###.......~~~~
≈~~~.....###..###...........).~~~


You could see a tentacled monstrosity, a white very ugly thing, 2 cacodemons, a
merfolk impaler, a red ugly thing, an occultist, a hellion, a raiju and
Rucifrug's ghost.

Vanquished Creatures
  A fenstrider witch (Shoals:1)
  3 dire elephants (Lair:5)
  4 hydras
  Erica (D:11)
  A boulder beetle (Lair:5)
  A centaur warrior (D:9)
  4 two-headed ogres
  13 death yaks (Lair:5)
  Nergalle (D:11)
  A spectral death yak (Lair:5)
  5 skysharks
  A spectral anaconda (Lair:5)
  A sea snake (Shoals:1)
  A harpy (Lair:2)
  Pikel (D:7)
  An obsidian statue (Lair:5)
  3 necromancers (Lair:5)
  An oklob plant (Lair:1)
  5 manticores (Shoals:1)
  2 ugly things (D:9)
  11 elephants
  10 cane toads
  A large abomination (Shoals:1)
  5 black mambas
  A rime drake (Lair:4)
  14 komodo dragons
  2 unseen horrors (D:11)
  4 trolls
  A merfolk (Shoals:1)
  Grinder (D:6)
  3 wind drakes (Shoals:1)
  28 blink frogs
  2 snapping turtles (Shoals:1)
  A vampire (D:11)
  7 wyverns
  A dire elephant simulacrum (Lair:5)
  2 basilisks
  A wraith (D:10)
  A warg (shapeshifter) (D:9)
  39 yaks
  2 steam dragons
  Edmund (D:6)
  2 spectral cane toads (Lair:5)
  2 acid dragons
  3 nagas (Lair:2)
  19 water moccasins
  Duvessa (D:6)
  An orc warrior (D:11)
  An ice beast (D:7)
  3 black bears
  A centaur (D:4)
  20 wolves
  2 elephant skeletons (Lair:5)
  3 phantoms
  6 kobold brigands
  4 lemures (D:7)
  11 bullfrogs
  4 scorpions
  A gnoll sergeant (D:9)
  8 wights
  A cane toad simulacrum (Lair:5)
  Dowan (D:6)
  5 killer bees (D:9)
  2 electric eels (Lair:2)
  2 howler monkeys
  3 jellies
  5 hounds
  2 bombardier beetles
  6 orc priests
  2 gnoll boudas
  12 orc wizards
  3 iguanas
  A sleepcap (D:4)
  3 killer bee zombies (D:8)
  An ogre zombie (D:8)
  A mummy (D:8)
  10 gnolls
  7 adders
  A shadow imp (D:7)
  4 dart slugs
  A ribbon worm (D:2)
  53 orcs
  8 ball pythons
  3 bats
  6 endoplasms
  3 giant cockroaches
  8 goblins
  10 hobgoblins
  A jackal (D:4)
  27 kobolds
  2 quokkas
  3 frilled lizards
  4 rats
482 creatures vanquished.

Vanquished Creatures (others)
  2 orc warriors (D:9)
  A bullfrog (D:9)
  2 orc wizards (D:9)
5 creatures vanquished.

Grand Total: 487 creatures vanquished

Notes
Turn   | Place    | Note
-------+----------+-------------------------------------------
     0 | D:1      | trashops the Mountain Dwarf Fighter began the quest for the
                  | Orb.
     0 | D:1      | Reached XP level 1. HP: 19/19 MP: 1/1
    91 | D:1      | Reached XP level 2. HP: 25/26 MP: 2/2
   564 | D:1      | Reached skill level 3 in Axes
   888 | D:1      | Reached XP level 3. HP: 30/31 MP: 3/3
  1394 | D:2      | Identified a scroll of acquirement
  1394 | D:2      | Acquired 918 gold pieces
  2286 | D:3      | Reached skill level 4 in Axes
  2316 | D:3      | Reached XP level 4. HP: 35/40 MP: 4/4
  2352 | D:3      | Found Ebiuteva's General Store.
  2361 | D:3      | Bought a scroll of revelation for 97 gold pieces
  2493 | D:3      | Identified the +1 war axe "Iskyor" {protect, Int+5}
  2503 | D:3      | Noticed a scorpion
  2516 | D:3      | Killed a scorpion
  2517 | D:3      | Reached skill level 5 in Axes
  2517 | D:3      | Reached XP level 5. HP: 31/46 MP: 5/5
  3304 | D:4      | Reached skill level 6 in Axes
  3309 | D:4      | You fall into a shaft and drop 1 floor!
  3309 | D:5      | Entered Level 5 of the Dungeon
  3313 | D:5      | Noticed a black bear
  3321 | D:5      | Killed a black bear
  3322 | D:5      | Reached XP level 6. HP: 52/52 MP: 6/6
  3341 | D:5      | Reached skill level 7 in Axes
  3595 | D:4      | Reached XP level 7. HP: 54/59 MP: 7/7
  3701 | D:4      | Found a snail-covered altar of Cheibriados.
  3702 | D:4      | Found a white marble altar of Elyvilon.
  3789 | D:4      | Reached skill level 8 in Axes
  3825 | D:4      | Found an ornate altar of the Wu Jian Council.
  3945 | D:4      | Reached skill level 9 in Axes
  4153 | D:5      | Reached XP level 8. HP: 62/67 MP: 8/8
  4181 | D:5      | Reached skill level 10 in Axes
  4181 | D:5      | Reached skill level 5 in Armour
  4290 | D:5      | Found Wist's Antique Weapon Shoppe.
  4298 | D:5      | Bought a glowing executioner's axe for 273 gold pieces
  4636 | D:6      | Noticed Edmund
  4679 | D:6      | Killed Edmund
  4680 | D:6      | Reached skill level 11 in Axes
  4684 | D:6      | Reached skill level 5 in Fighting
  4832 | D:6      | Reached skill level 12 in Axes
  4832 | D:6      | Reached XP level 9. HP: 63/74 MP: 9/9
  4897 | D:6      | Noticed Duvessa
  4898 | D:6      | Noticed Dowan
  4905 | D:6      | Killed Duvessa
  4911 | D:6      | Killed Dowan
  5021 | D:6      | Noticed Grinder
  5026 | D:6      | Paralysed by Grinder for 3 turns
  5035 | D:6      | Killed Grinder
  5268 | D:7      | Found a staircase to the Ecumenical Temple.
  5271 | D:7      | Found Foril's Island Escapes.
  5276 | Temple   | Entered the Ecumenical Temple
  5293 | Temple   | Became a worshipper of Warmaster Okawaru
  5406 | D:7      | Reached skill level 13 in Axes
  5657 | D:7      | Noticed Pikel
  5680 | D:7      | Killed Pikel
  5875 | D:7      | Found a stormy altar of Qazlal.
  5924 | D:7      | Reached * piety under Okawaru
  5925 | D:7      | Reached skill level 14 in Axes
  6263 | D:7      | Found a bloodstained altar of Trog.
  6314 | D:8      | Reached skill level 5 in Shields
  6319 | D:8      | Reached XP level 10. HP: 33/84 MP: 10/10
  6335 | D:8      | Reached ** piety under Okawaru
  7030 | D:8      | Found a runed translucent gate.
  7031 | D:8      | Found a runed translucent gate.
  7038 | D:8      | Found a runed translucent gate.
  7070 | D:8      | Noticed tweeg707's ghost (journeyman DjFE)
  7549 | D:9      | Reached skill level 15 in Axes
  7608 | D:9      | Noticed a centaur warrior
  7633 | D:9      | Killed a centaur warrior
  7667 | D:9      | Reached *** piety under Okawaru
  7746 | D:9      | Identified the +6 dagger of Den Siyv {freeze, Str+3 Dex+4}
  7781 | D:9      | Noticed a six-headed hydra
  7792 | D:9      | Killed a six-headed hydra
  8013 | D:9      | an ogre changed into a meliai
  8013 | D:9      | Noticed a meliai (shapeshifter)
  8020 | D:9      | a meliai changed into a warg
  8023 | D:9      | Reached skill level 1 in Maces & Flails
  8026 | D:9      | Identified the +1 rapier of Demonkind {protect, rPois Int+4
                  | Dex+4}
  8080 | D:9      | Noticed a brown ugly thing
  8080 | D:9      | Noticed a white ugly thing
  8546 | D:9      | Killed a white ugly thing
  8559 | D:9      | Killed a white ugly thing
  8559 | D:9      | Reached **** piety under Okawaru
  8658 | D:9      | Identified the +3 rapier "Hioluzaifu" {venom, Will+}
  8836 | D:9      | Reached XP level 11. HP: 84/92 MP: 11/11
  8877 | D:9      | Found a shimmering altar of Xom.
  8949 | D:9      | Noticed a lindwurm
  8949 | D:9      | Noticed a lindwurm
  8950 | D:9      | Noticed a lindwurm
  8955 | D:9      | Noticed a lindwurm
  9587 | D:10     | Entered Level 10 of the Dungeon
  9642 | D:10     | Identified the +7 war axe "Bionoqat" {venom, rPois Int+4}
  9957 | D:10     | Found a staircase to the Lair.
  9989 | D:10     | Reached ***** piety under Okawaru
 10219 | D:10     | Reached skill level 1 in Invocations
 10445 | D:10     | Noticed a two-headed ogre
 10462 | D:10     | Killed a two-headed ogre
 10572 | D:10     | Noticed a two-headed ogre
 10586 | D:10     | Killed a two-headed ogre
 10994 | D:11     | Found a staircase to the Orcish Mines.
 11025 | D:11     | Found a roughly hewn altar of Beogh.
 11371 | D:11     | Noticed a two-headed ogre
 11381 | D:11     | Killed a two-headed ogre
 11381 | D:11     | Received a gift from Okawaru
 11784 | D:11     | Noticed a two-headed ogre
 11784 | D:11     | Noticed Erica
 11798 | D:11     | Killed a two-headed ogre
 11799 | D:11     | Reached skill level 10 in Armour
 11820 | D:11     | Killed Erica
 11977 | D:11     | Noticed Nergalle
 11994 | D:11     | Killed Nergalle
 12448 | D:11     | Reached XP level 12. HP: 60/105 MP: 14/14
 12845 | D:7      | Bought a potion of haste for 120 gold pieces
 12845 | D:7      | Bought a scroll of teleportation for 36 gold pieces
 12845 | D:7      | Bought a ring of flight for 210 gold pieces
 12845 | D:7      | Bought a potion of enlightenment for 60 gold pieces
 12845 | D:7      | Bought a scroll of teleportation for 36 gold pieces
 12845 | D:7      | Bought a scroll of teleportation for 36 gold pieces
 12965 | Lair:1   | Entered Level 1 of the Lair of Beasts
 13377 | Lair:1   | Noticed a four-headed hydra
 13393 | Lair:1   | Killed a four-headed hydra
 13394 | Lair:1   | Reached skill level 10 in Fighting
 13667 | Lair:1   | Received a gift from Okawaru
 13849 | Lair:1   | Reached skill level 5 in Invocations
 14226 | Lair:1   | Received a gift from Okawaru
 14292 | Lair:1   | Reached ****** piety under Okawaru
 14310 | Lair:1   | Acquired the +10 broad axe of Xishri Yseutt {distort, rF+}
 14310 | Lair:1   | Received a gift from Okawaru
 14313 | Lair:1   | Acquired the +4 kite shield of the Cockatrice {^Contam
                  | ^Drain rN+++ Str+4}
 14313 | Lair:1   | Received a gift from Okawaru
 14513 | Lair:1   | Reached skill level 16 in Axes
 14899 | Lair:2   | Found a staircase to the Shoals.
 14959 | Lair:2   | Found a staircase to the Snake Pit.
 15134 | Lair:2   | Reached XP level 13. HP: 112/116 MP: 17/17
 16481 | Lair:4   | Found a staircase to the Slime Pits.
 16602 | Lair:4   | Received a gift from Okawaru
 16636 | Lair:4   | Reached skill level 17 in Axes
 17153 | Lair:4   | Identified the +0 leather armour "Narphuf" {rElec rCorr
                  | Str+3}
 17206 | Lair:4   | Received a gift from Okawaru
 17404 | Lair:5   | Entered Level 5 of the Lair of Beasts
 17472 | Lair:5   | Received a gift from Okawaru
 17597 | Lair:5   | Reached skill level 10 in Shields
 17597 | Lair:5   | Reached XP level 14. HP: 125/127 MP: 20/20
 17637 | Lair:5   | Gained mutation: You are dopey. (Int -2) [mutagenic glow]
 17655 | Lair:5   | Gained mutation: Potions are less effective at restoring
                  | your health. [mutagenic glow]
 17657 | Lair:5   | Received a gift from Okawaru
 17689 | Lair:5   | Gained mutation: You sometimes lose your temper in combat.
                  | [mutagenic glow]
 18840 | Lair:5   | Received a gift from Okawaru
 19371 | Shoals:1 | Entered Level 1 of the Shoals
 19419 | Shoals:1 | Noticed a cacodemon
 19423 | Shoals:1 | Found a transporter.
 19430 | Shoals:1 | Found a transporter.
 19431 | Shoals:1 | Noticed a cacodemon
 19463 | Shoals:1 | Received a gift from Okawaru
 19543 | Shoals:1 | Acquired a manual of Armour
 19784 | Shoals:1 | Noticed a white very ugly thing
 19786 | Shoals:1 | Noticed a cacodemon
 19789 | Shoals:1 | Noticed Rucifrug's ghost (journeyman FeSh)
 19790 | Shoals:1 | Noticed a tentacled monstrosity
 20295 | Shoals:1 | Noticed a fenstrider witch
 20301 | Shoals:1 | Killed a fenstrider witch
 20302 | Shoals:1 | Reached skill level 10 in Invocations
 20574 | Shoals:1 | Found a one-way gate to the infinite horrors of the Abyss.
 20577 | Shoals:1 | Identified the +0 cloak of the Amoeba {rElec rN+ Slay-6}
 20577 | Shoals:1 | HP: 6/133 [hellion/damnation (20)]
 20583 | Shoals:1 | Gained mutation: Your magical capacity is low. (-10% MP) [a
                  | cacodemon]
 20583 | Shoals:1 | HP: 5/133 [merfolk impaler/+3 trident of distortion (10)]
 20583 | Shoals:1 | HP: 1/133 [merfolk impaler/+3 trident of distortion (4)]
 20584 | Shoals:1 | Demolished by a merfolk impaler

Illustrated notes

Levels and vault maps discovered:
D:1:      dpeg_arrival_tiny_f, layout_basic, corexii_item_surrounded_by_moat
D:2:      kennysheep_big_flooded_room, layout_loops_corners, serial_bayou,
          serial_bayou_shore_b, serial_bayou_crossing, serial_bayou_shore_a,
          serial_bayou_lagoon_a, grunt_decor_cap
D:3:      layout_basic, serial_shops, shop, kennysheep_cluttered_room
D:4:      cheibrodos_barr_body, layout_rooms, gammafunk_temple_overflow_pools,
          mainiacjoe_overflow_tiny_flanked, corexii_checkpoint
D:5:      layout_basic, serial_shops, shop
D:6:      layout_rooms, uniq_grinder, uniq_duvessa, uniq_edmund
D:7:      layout_rooms, grunt_qazlal_clouds, kennysheep_mini_moat,
          minmay_temple_entry_statues_pillars, nicolae_island_escapes,
          uniq_pikel
D:8:      layout_loops_ring, gammafunk_ghost_icy, minmay_mini_ossuary
D:9:      minmay_tri_box, layout_loops_corners, xom_confusion_cloud,
          minmay_lindwurm_lava
D:10:     layout_irregular_city, lair_entry_dummy,
          chequers_serial_rivers_micro_a
D:11:     layout_cave_pools, minmay_orc_entry_temple_small, st_stairs_8,
          uniq_nergalle, uniq_erica
Temple:   kb_temple_of_zot
Lair:1:   layout_cave_pods, bh_autumn_forest_stairs, beast_lair_carwin_11,
          serial_bayou_shore_b
Lair:2:   layout_gridlike, mainiacjoe_shoals_entry_four_pools,
          minmay_snake_entry_guardpost_small, mumra_transporter_accident,
          chequers_serial_rivers_room_a
Lair:3:   layout_cave_pods, infiniplex_staircase_pool_2
Lair:4:   layout_cave_pods, slime_entry_1
Lair:5:   due_jungle_book, layout_long_grid
Shoals:1: layout_shoals, gammafunk_ghost_abyssal_escape,
          nicolae_shoals_beach_house_on_fowls_legs

Skill      XL: |  1  2  3  4  5  6  7  8  9 10 11 12 13 14 |
---------------+-------------------------------------------+-----
Axes           | 3 4 5 6 7 9 12 14 15 16 17 | 17.8
Armour         | 4 5 6 7 10 12 13 14 | 14.2
Fighting       | 4 5 6 7 9 11 12 14 | 14.5
Shields        | 4 5 6 7 8 10 11 | 11.2
Maces & Flails | 1 2 3 4 |  4.9
Invocations    | 3 6 8 10 | 10.0

Action                     |  1- 3 |  4- 6 |  7- 9 | 10-12 | 13-15 || total
---------------------------+-------+-------+-------+-------+-------++-------
  Melee: War axe           |   114 |   105 |   325 |   704 |       ||  1248
         Executioner's axe |       |       |    14 |       |       ||    14
         Dire flail        |       |       |       |    19 |    33 ||    52
         Broad axe         |       |       |       |    71 |   437 ||   508
 Invoke: Heroism           |       |       |       |     3 |     2 ||     5
         Receive Weapon    |       |       |       |     1 |       ||     1
         Receive Armour    |       |       |       |     1 |       ||     1
         Finesse           |       |       |       |       |     1 ||     1
    Use: Scroll            |     6 |     4 |     7 |    14 |     3 ||    34
         Potion            |       |       |     4 |     3 |     3 ||    10
   Stab: Invisible         |       |       |       |     2 |       ||     2
 Armour: Scale mail        |    83 |    99 |   280 |       |       ||   462
         Plate armour      |       |       |    27 |   677 |   201 ||   905
         Skin              |       |       |       |       |    22 ||    22
  Dodge: Dodged            |    40 |    41 |   161 |   175 |   113 ||   530
  Block: Buckler           |    28 |    26 |    66 |   244 |       ||   364
         Other             |       |       |       |     7 |     4 ||    11
         Reflection        |       |       |       |     5 |     2 ||     7
         Kite shield       |       |       |       |    58 |   341 ||   399

Table legend: (Time is in decaauts)
 A = Elapsed time spent in this place.
 B = Non-inter-level travel time spent in this place.
 C = Inter-level travel time spent in this place.
 D = Time resting spent in this place.
 E = Time spent auto-exploring this place.
 F = Levels seen in this place.
 G = Mean time per level.
                   A        B        C        D        E       F      G
               +--------+--------+--------+--------+--------+-----+--------+
         Total |  20447 |  19825 |    622 |   3278 |  12392 |  18 | 1135.9 |
       Dungeon |  12903 |  12518 |    385 |   2198 |   7569 |  11 | 1173.0 |
        Temple |     34 |      2 |     32 |      0 |      0 |   1 |   34.0 |
          Lair |   6314 |   6110 |    204 |    929 |   3994 |   5 | 1262.8 |
        Shoals |   1194 |   1194 |      0 |    151 |    829 |   1 | 1194.0 |
               +--------+--------+--------+--------+--------+-----+--------+

Top non-repeatable levels by time:
     D:9: 2101 daAuts
    D:10: 1873 daAuts
  Lair:5: 1866 daAuts
  Lair:1: 1747 daAuts
    D:11: 1246 daAuts
     D:1: 1232 daAuts
Shoals:1: 1194 daAuts
     D:7: 1183 daAuts
     D:2: 1117 daAuts
     D:8: 1110 daAuts
  Lair:4: 986 daAuts
     D:3: 982 daAuts
  Lair:2: 908 daAuts
  Lair:3: 805 daAuts
     D:6: 751 daAuts
